 Dungeon Crawl Stone Soup version 0.28-a0-1510-gd0f6b136d3 (webtiles) character file.

Game seed: 11485238841493298149

1340 siradein the Insei (level 8, -8/58 HPs)
             Began as a Djinni Transmuter on Jan 14, 2022.
             Killed from afar by a steam dragon (12 damage)
             ... with a ball of steam
             ... on level 5 of the Dungeon.
             The game lasted 00:13:37 (6946 turns).

siradein the Insei (Djinni Transmuter)              Turns: 6946, Time: 00:13:38

Health: -8/58      AC:  2    Str:  9    XL:     8   Next: 93%
Gold:   161        EV: 23    Int: 17    God:
                   SH:  0    Dex: 19

rFire   . . .      SeeInvis .     - Unarmed
rCold   + . .      Faith    .   (shield currently unavailable)
rNeg    . . .      Spirit   .   (armour currently unavailable)
rPois   ∞          Reflect  .   (helmet currently unavailable)
rElec   .          Harm     .   (cloak currently unavailable)
rCorr   .          Rampage  .   (gloves currently unavailable)
Will    .....                   (boots unavailable)
Stlth   ++........              (no amulet)
HPRegen 0.19/turn               c - ring of protection from cold
MPRegen 0.00/turn               h - ring of wizardry

@: spider-form (expiring), flying
A: venomous fangs, flying, sickness immunity, tiny, (fire resistance 2), (cold
vulnerability 1), float, innate caster, hp casting, extra vitality 1
a: End Transformation


You were on level 5 of the Dungeon.
You were a venomous arachnid creature.
You visited 2 branches of the dungeon, and saw 6 of its levels.

You collected 161 gold pieces.

Inventory:

Hand Weapons
 m - a +1 dagger of venom (melded)
Armour
 a - a +0 robe (melded)
 g - a +0 pair of gloves (melded)
Jewellery
 c - a ring of protection from cold (left front leg)
 f - a ring of protection from cold
 h - a ring of wizardry (right front leg)
Wands
 j - a wand of polymorph (18)
 v - a wand of flame (14)
 w - a wand of iceblast (9)
Scrolls
 d - a scroll of holy word
 e - a scroll of blinking
 k - a scroll of acquirement {unknown}
 o - a scroll of vulnerability {unknown}
 q - a scroll of fog {unknown}
 u - a scroll of torment {unknown}
Potions
 b - a potion of curing
 i - a potion of invisibility
 p - a potion of heal wounds {unknown}
 r - a potion of cancellation {unknown}
 s - a potion of attraction {unknown}
 t - a potion of mutation {unknown}
 x - a potion of magic {unknown}


   Skills:
 + Level 4.5 Fighting
 + Level 5.3 Dodging
 + Level 5.4 Unarmed Combat
 * Level 5.1 Spellcasting


You had 2 spell levels left.
You knew the following spells:

 Your Spells              Type           Power      Damage    Failure   Level
a - Beastly Appendage     Tmut           42%        N/A       2%          1
b - Wereblood             Tmut           21%        N/A       4%          2
c - Spider Form           Tmut/Pois      21%        N/A       6%          3
d - Ice Form              Ice/Tmut       21%        N/A       16%         4
e - Pain                  Necr           84%        1d8       2%          1
f - Static Discharge      Conj/Air       21%        N/A       4%          2
g - Call Imp              Summ           21%        N/A       4%          2
Your spell library was empty.

Dungeon Overview and Level Annotations

Branches:
Dungeon (5/15)             Temple (1/1) D:4

Altars:
Ashenzari
Dithmenos
Gozag
Kikubaaqudgha
Nemelex Xobeh
Okawaru
Qazlal
Ru
Sif Muna
Wu Jian
Xom
Zin
The Shining One
Beogh

Shops:
D:1 (

Annotations:
D:3 3 runed translucent doors, karrick's ghost, novice GrFi


Innate Abilities, Weirdness & Mutations

You are a venomous arachnid creature.
You have poisonous fangs.
You are tiny and dextrous.
You are flying.
Your spellcasting is less reliable in this form.
Your armour is entirely melded.
You are incapable of wielding weapons or throwing items.
You are immune to sickness and miasma.
You are immune to poison.
((Your flesh is very heat resistant. (rF++)))
((You are vulnerable to cold. (rC-)))
You float through the air rather than walking.
You learn spells naturally, not from books.
Your magical power is your life essence.
You have superior vitality. (+4 MHP)


Message History

The bullfrog zombie is severely damaged.
The bullfrog zombie barely misses you.
You bite the bullfrog zombie!
The bullfrog zombie is almost destroyed.
The bullfrog zombie closely misses you.
You bite the bullfrog zombie!
You destroy the bullfrog zombie!
The steam dragon breathes steam at you. The ball of steam misses you.
You are engulfed in a cloud of scalding steam.
The steam dragon breathes steam at you. The ball of steam misses you.
You are engulfed in a cloud of scalding steam.
Your transformation is almost over.
You are engulfed in a cloud of scalding steam.
* * * LOW HITPOINT WARNING * * *
The steam dragon misses you. The steam dragon closely misses you.
You completely miss the steam dragon.
You are engulfed in a cloud of scalding steam.
* * * LOW HITPOINT WARNING * * *
You bite the steam dragon!
The steam dragon is poisoned.
The steam dragon is moderately wounded.
The steam dragon misses you. The steam dragon claws you.
* * * LOW HITPOINT WARNING * * *
You hit the steam dragon.
The steam dragon looks as sick as possible!
The steam dragon is moderately wounded.
The steam dragon bites you.
* * * LOW HITPOINT WARNING * * *
The steam dragon completely misses you.
You hit the steam dragon.
The steam dragon is heavily wounded.
The steam dragon completely misses you.
The steam dragon claws you but does no damage.
You hit the steam dragon but do no damage.
The steam dragon looks as sick as possible!
The steam dragon is severely wounded.
The steam dragon breathes steam at you. The ball of steam hits you!
You die...

..########## #<#. #
....(.....# #.#. ##.
#.........# ##.#.
...##.........#####..##
....#...............##.
#...........##.......
#......§.....#####.
#(....§.§.#### #.
#.s.......# ##.
#.D...<.).## #..
####...........#####..
######....#####........##..
....(....## ######....D..
........?# #####...##
.........#########.§.D...#
......÷.......D...§#####...
.........########### ####


You could see a steam dragon (extremely poisoned, catching breath).

Vanquished Creatures
  A steam dragon (D:5)
  A water moccasin (D:5)
  A sky beast (D:4)
  A black bear (D:5)
  2 ogres
  A phantom (D:5)
  A scorpion (D:5)
  6 hounds
  A bullfrog zombie (D:5)
  A jelly (D:5)
  2 orc priests (D:3)
  A bullfrog skeleton (D:4)
  3 iguanas (D:4)
  An orc wizard (D:3)
  9 adders
  An adder skeleton (D:4)
  14 orcs
  5 ball pythons
  6 endoplasms
  6 goblins
  12 hobgoblins
  14 jackals
  7 kobolds
  4 quokkas
  4 bats
  6 frilled lizards
111 creatures vanquished.

Vanquished Creatures (others)
  8 fungi (D:5)
8 creatures vanquished.

Grand Total: 119 creatures vanquished

Notes
Turn   | Place    | Note
-------+----------+-------------------------------------------
     0 | D:1      | siradein the Djinni Transmuter began the quest for the Orb.
     0 | D:1      | Reached XP level 1. HP: 17/17 MP: 0/0
   203 | D:1      | Found a faded altar of an unknown god.
   444 | D:1      | Reached XP level 2. HP: 15/22 MP: 0/0
   674 | D:1      | Found Namoatob's Antique Weapon Boutique.
  1296 | D:1      | Reached XP level 3. HP: 22/27 MP: 0/0
  1296 | D:1      | Learned a level 1 spell: Pain
  2132 | D:2      | Reached XP level 4. HP: 22/33 MP: 0/0
  2853 | D:3      | Found a runed translucent gate.
  2854 | D:3      | Found a runed translucent gate.
  2855 | D:3      | Found a runed translucent gate.
  2891 | D:3      | Reached XP level 5. HP: 32/38 MP: 0/0
  2891 | D:3      | Learned a level 2 spell: Static Discharge
  2935 | D:3      | Noticed karrick's ghost (novice GrFi)
  2936 | D:3      | Identified the +4 short sword of Insomnia {flame, Stlth+}
  3152 | D:3      | Reached XP level 6. HP: 5/45 MP: 0/0
  3646 | D:3      | Found a stormy altar of Qazlal.
  4495 | D:4      | Reached XP level 7. HP: 36/50 MP: 0/0
  4495 | D:4      | Learned a level 2 spell: Call Imp
  4937 | D:4      | Found a staircase to the Ecumenical Temple.
  5190 | Temple   | Entered the Ecumenical Temple
  5901 | D:5      | Entered Level 5 of the Dungeon
  5913 | D:5      | Reached XP level 8. HP: 35/58 MP: 0/0
  6159 | D:5      | Reached skill level 5 in Unarmed Combat
  6235 | D:5      | Found a sparkling altar of Nemelex Xobeh.
  6237 | D:5      | Found a sacrificial altar of Ru.
  6353 | D:5      | Reached skill level 5 in Dodging
  6649 | D:5      | Reached skill level 5 in Spellcasting
  6946 | D:5      | Killed from afar by a steam dragon

Illustrated notes

Levels and vault maps discovered:
D:1:      dpeg_arrival_simpleton_c, layout_basic, serial_shops, shop,
          ebering_ecumenical_altar_rust
D:2:      layout_rooms, serial_glass, glass_columns_a, glass_columns_b,
          feat_on_display, item_on_display_b, minmay_tetromino_t2
D:3:      layout_loops_ring, mainiacjoe_overflow_concentric_impassable,
          biasface_ghost_orc_armoury, roderic_cross_of_infinity,
          minmay_statues_item
D:4:      minmay_diamond_boxcup, layout_rooms, nicolae_sif_muna_little_library,
          nicolae_overflow_hidden_temple, minmay_temple_entry_fiery,
          minivault_25
D:5:      kennysheep_steamy, layout_rooms, kennysheep_ying_yang,
          nicolae_overflow_squiral, nicolae_take_the_stairs
Temple:   grunt_temple_mini_profane

Skill      XL: |  1  2  3  4  5  6  7  8 |
---------------+-------------------------+-----
Spellcasting   | 2 3 4 5 |  5.1
Fighting       | 2 3 4 |  4.5
Dodging        | 3 4 5 |  5.3
Unarmed Combat | 4 5 |  5.4

Action                   |  1- 3 |  4- 6 |  7- 9 || total
-------------------------+-------+-------+-------++-------
Melee: Unarmed           |    41 |    92 |   135 ||   268
       Headbutt          |    11 |     7 |       ||    18
       Short sword       |    73 |    55 |       ||   128
       Punch             |     1 |     1 |     1 ||     3
       Dagger            |       |    15 |     9 ||    24
 Cast: Beastly Appendage |    19 |     6 |       ||    25
       Wereblood         |     9 |    16 |     8 ||    33
       Spider Form       |       |    17 |    20 ||    37
       Ice Form          |       |       |     1 ||     1
  Use: Scroll            |       |       |     6 ||     6
 Stab: Sleeping          |       |     1 |     2 ||     3
Armor: Robe              |    32 |    21 |     3 ||    56
       Skin              |       |     1 |    13 ||    14
Dodge: Dodged            |    79 |   166 |   122 ||   367

Table legend: (Time is in decaauts)
 A = Elapsed time spent in this place.
 B = Non-inter-level travel time spent in this place.
 C = Inter-level travel time spent in this place.
 D = Time resting spent in this place.
 E = Time spent auto-exploring this place.
 F = Levels seen in this place.
 G = Mean time per level.
                   A        B        C        D        E       F      G
               +--------+--------+--------+--------+--------+-----+--------+
         Total |   6936 |   6848 |     88 |    655 |   4978 |   6 | 1156.0 |
       Dungeon |   6715 |   6627 |     88 |    655 |   4805 |   5 | 1343.0 |
        Temple |    221 |    221 |      0 |      0 |    173 |   1 |  221.0 |
               +--------+--------+--------+--------+--------+-----+--------+

Top non-repeatable levels by time:
     D:1: 1805 daAuts
     D:3: 1596 daAuts
     D:4: 1563 daAuts
     D:2: 882 daAuts
     D:5: 867 daAuts
  Temple: 221 daAuts
